 Dungeon Crawl Stone Soup version 0.25-a0-464-g3004169c2b (webtiles) character file.

Game seed: 15622019295387533202, levelgen mode: deterministic

5317 kae the Severer (level 10, 0/77 HPs)
             Began as a Hill Orc Fighter on Feb 5, 2020.
             Was a Believer of Makhleb.
             Killed by the air
             ... invoked by Gastronok
              (19 damage)
             ... on level 8 of the Dungeon.
             The game lasted 00:10:12 (9306 turns).

kae the Severer (Hill Orc Fighter)                  Turns: 9306, Time: 00:10:12

Health: 0/77       AC:  9    Str: 23    XL:     10   Next: 64%
Magic:  18/18      EV:  7    Int:  8    God:    Makhleb [**....]
Gold:   345        SH:  9    Dex: 10    Spells: 9/9 levels left

rFire    + . .     SeeInvis .   a - +1 war axe
rCold    . . .     Gourm    .   c - +0 shield
rNeg     . . .     Faith    .   b - +0 scale mail
rPois    +         Spirit   .   n - +0 helmet
rElec    .         Reflect  .   (no cloak)
rCorr    .         Harm     .   i - +0 pair of gloves
MR       .....                  (no boots)
Stlth    ..........             (no amulet)
HPRegen  0.22/turn              x - ring of poison resistance
MPRegen  0.16/turn              D - ring of protection from fire

@: no status effects
A: no striking features
a: Minor Destruction, Renounce Religion


You were on level 8 of the Dungeon.
You worshipped Makhleb.
Makhleb was pleased with you.
You were near starving.

You visited 2 branches of the dungeon, and saw 9 of its levels.

You collected 485 gold pieces.
You spent 140 gold pieces at shops.

Inventory:

Hand Weapons
 a - a +1 war axe (weapon)
Armour
 b - a +0 scale mail (worn)
 c - a +0 shield (worn)
 i - a +0 pair of gloves (worn)
 n - a +0 helmet (worn)
Jewellery
 e - an uncursed ring of fire
 x - a ring of poison resistance (left hand)
 D - a ring of protection from fire (right hand)
Wands
 k - a wand of paralysis (13)
 s - a wand of enslavement (13)
 u - a wand of scattershot (4)
 E - a wand of clouds (7)
Scrolls
 d - 2 scrolls of enchant weapon
 g - 3 scrolls of teleportation
 h - 7 scrolls of remove curse
 j - a scroll of magic mapping
 y - a scroll of amnesia
 C - a scroll of identify
 G - a scroll of torment {unknown}
Potions
 l - 3 potions of curing
 m - a potion of mutation
 o - 3 potions of might
 p - a potion of haste
 q - a potion of ambrosia
 r - 2 potions of flight
 v - 3 potions of berserk rage
 w - 2 potions of agility
 z - a potion of brilliance
 A - a potion of heal wounds
 B - 2 potions of cancellation
Comestibles
 f - 21 rations


   Skills:
 - Level 3.6 Fighting
 - Level 16.0 Axes
 - Level 3.2 Armour
 - Level 3.2 Shields
 + Level 10.8 Invocations


You had 9 spell levels left.
You didn't know any spells.
Your spell library contained the following spells:

 Spells                   Type           Power        Failure   Level  Hunger
 Corona                   Hex            #......      99%         1    ##.....
 Infusion                 Chrm           #...         99%         1    ##.....
 Ensorcelled Hibernation  Hex/Ice        #.....       100%        2    ###....
 Shroud of Golubria       Chrm/Tloc      #.....       100%        2    ###....
 Song of Slaying          Chrm           #.......     100%        2    ###....
 Confusing Touch          Hex            #.......     100%        3    ####...
 Dazzling Flash           Conj/Hex       #.....       100%        3    ####...
 Ozocubu's Armour         Chrm/Ice       #.......     100%        3    ####...
 Spectral Weapon          Hex/Chrm       #.......     100%        3    ####...
 Tukima's Dance           Hex            #.......     100%        3    ####...


Dungeon Overview and Level Annotations

Branches:
Dungeon (8/15)             Temple (1/1) D:5
   Lair: D:8-11

Altars:
Ashenzari
Cheibriados
Dithmenos
Elyvilon
Fedhas
Gozag
Hepliaklqana
Kikubaaqudgha
Makhleb
Nemelex Xobeh
Okawaru
Qazlal
Ru
Sif Muna
Trog
Uskayaw
Wu Jian
Xom
Yredelemnul
Zin
The Shining One

Shops:
D:6 !   D:8 (

Annotations:
D:3 3 runed translucent doors, Hasart's ghost, amateur DgEE
D:8 Gastronok


Message History

You are too injured to fight recklessly!
You are too injured to fight recklessly!
You are too injured to fight recklessly!
You are too injured to fight recklessly!
There are monsters nearby!
You slash Gastronok!
Gastronok is severely wounded.
You slash Gastronok!
Gastronok is severely wounded.
You hit Gastronok.
Gastronok is severely wounded.
Gastronok bites you!!
* * * LOW HITPOINT WARNING * * *
You hit Gastronok.
Gastronok is severely wounded.
You slash Gastronok!
Gastronok is almost dead.
Gastronok waves his eye-stalks in wide circles.
The air twists around and strikes you!!
You die...

# #.##.# #<# # #.##.# #.# #
#.##.# #.### ## #.##.#
#...####. #<##.# ###.#....
#.##.# #.#.##. ###### #.##.#
#.#.### .....# #.##.# #.#.# #
####.# #@##.# #.#[# #.# #w##.#
#.#.### #.# #r##.# #.#.##. #.#
#b##.# ##.#....
#.###########>##.######.......
#...................(....#....
##############...w.......##.#.
###.##########.#.
###########.# #[#.


You could see Gastronok, a river rat and a bat.

Vanquished Creatures
  Pikel (D:6)
  Grinder (D:6)
  A hippogriff (D:7)
  Grum (D:8)
  4 hogs (D:7)
  A human (D:7)
  Eustachio (D:5)
  A sky beast (D:7)
  Duvessa (D:6)
  2 ice beasts (D:6)
  A phantom (D:4)
  An orc warrior (D:7)
  A slave (D:6)
  4 ogres
  4 wolves
  2 centaurs
  A big kobold (D:8)
  6 bullfrogs
  Dowan (D:6)
  A gnoll sergeant (D:6)
  A wyvern zombie (D:8)
  A wyvern skeleton (D:7)
  A scorpion (D:5)
  3 howler monkeys
  A quasit (D:5)
  5 hounds
  7 orc wizards
  A bullfrog skeleton (D:6)
  4 centaur skeletons
  2 orc priests
  2 jellies
  An iguana (D:5)
  9 worker ants
  2 hound skeletons
  2 worker ant zombies
  12 gnolls
  11 adders
  A shadow imp (D:6)
  2 oozes
  2 adder zombies
  3 worms (D:2)
  3 dart slugs (D:3)
  4 leopard geckos
  24 orcs
  10 giant cockroaches
  9 goblins
  15 hobgoblins
  12 jackals
  6 quokkas
  2 ball pythons (D:2)
  9 bats
  13 frilled lizards
  A jackal skeleton (D:5)
  13 kobolds
  2 rats (D:2)
232 creatures vanquished.

Vanquished Creatures (others)
  2 slaves (D:6)
2 creatures vanquished.

Grand Total: 234 creatures vanquished

Notes
Turn   | Place    | Note
-------+----------+-------------------------------------------
     0 | D:1      | kae the Hill Orc Fighter began the quest for the Orb.
     0 | D:1      | Reached XP level 1. HP: 19/19 MP: 1/1
    32 | D:1      | Reached skill level 3 in Axes
   118 | D:1      | Reached XP level 2. HP: 24/26 MP: 2/2
   322 | D:1      | Reached skill level 4 in Axes
   408 | D:1      | Reached XP level 3. HP: 31/31 MP: 3/3
   623 | D:2      | Reached skill level 5 in Axes
   706 | D:2      | Reached XP level 4. HP: 36/39 MP: 4/4
   939 | D:2      | Reached skill level 6 in Axes
   942 | D:2      | Reached XP level 5. HP: 44/45 MP: 5/5
  1097 | D:3      | Reached skill level 7 in Axes
  1404 | D:3      | Found a sacrificial altar of Ru.
  1420 | D:3      | Reached skill level 8 in Axes
  1420 | D:3      | Reached XP level 6. HP: 50/51 MP: 6/6
  1572 | D:3      | Found a runed translucent gate.
  1573 | D:3      | Found a runed translucent gate.
  1574 | D:3      | Found a runed translucent gate.
  1576 | D:3      | Noticed Hasart's ghost (amateur DgEE)
  2278 | D:4      | Reached skill level 9 in Axes
  2724 | D:4      | Reached XP level 7. HP: 57/57 MP: 7/7
  2861 | D:4      | Reached skill level 10 in Axes
  2927 | D:4      | Paralysed by something for 5 turns
  2930 | D:4      | HP: 1/57 [orc/+0 flail (3)]
  2933 | D:4      | Paralysed by something for 7 turns
  3285 | D:4      | Found a blossoming altar of Fedhas.
  3393 | D:4      | Reached skill level 11 in Axes
  3452 | D:5      | Entered Level 5 of the Dungeon
  3625 | D:5      | Found an opulent altar of Gozag.
  3665 | D:5      | Found a staircase to the Ecumenical Temple.
  3723 | Temple   | Entered the Ecumenical Temple
  3998 | Temple   | Became a worshipper of Makhleb the Destroyer
  4062 | D:5      | Noticed Eustachio
  4095 | D:5      | Killed Eustachio
  4095 | D:5      | Reached XP level 8. HP: 56/64 MP: 8/8
  4096 | D:5      | Found a sparkling altar of Nemelex Xobeh.
  4150 | D:5      | Reached skill level 12 in Axes
  4421 | D:6      | Noticed Duvessa
  4433 | D:6      | Noticed Dowan
  4434 | D:6      | Killed Duvessa
  4434 | D:6      | Reached skill level 13 in Axes
  4642 | D:6      | Killed Dowan
  4711 | D:6      | Reached * piety under Makhleb
  4711 | D:6      | Reached skill level 14 in Axes
  4711 | D:6      | Reached XP level 9. HP: 58/70 MP: 9/9
  4987 | D:6      | Noticed Pikel
  5011 | D:6      | Killed Pikel
  5011 | D:6      | Reached skill level 15 in Axes
  5259 | D:6      | Found Uckipp's Distillery.
  5263 | D:6      | Bought 2 potions of berserk rage for 140 gold pieces
  5458 | D:6      | You fall into a shaft and drop 2 floors!
  5543 | D:7      | Reached skill level 16 in Axes
  5559 | D:7      | Reached skill level 5 in Invocations
  5734 | D:7      | Reached XP level 10. HP: 77/77 MP: 12/14
  5744 | D:7      | Reached ** piety under Makhleb
  6035 | D:7      | Found a stormy altar of Qazlal.
  6181 | D:7      | Found a bloodstained altar of Trog.
  6685 | D:7      | Found a white marble altar of Elyvilon.
  6685 | D:7      | Found a glowing golden altar of the Shining One.
  6685 | D:7      | Found a glowing silver altar of Zin.
  7139 | D:6      | Noticed Grinder
  7140 | D:6      | Paralysed by Grinder for 4 turns
  7150 | D:6      | Paralysed by something for 6 turns
  7159 | D:6      | Killed Grinder
  7613 | D:8      | Found an ancient bone altar of Kikubaaqudgha.
  7616 | D:8      | Found Mazogizorr's Antique Weapon Shoppe.
  7934 | D:8      | Noticed Grum
  8285 | D:8      | Reached skill level 10 in Invocations
  8638 | D:8      | Killed Grum
  8919 | D:8      | Noticed Gastronok
  8940 | D:8      | HP: 1/77 [Gastronok (18)]
  9306 | D:8      | Killed from afar by Gastronok

Levels and vault maps discovered:
D:1:      sevenhm_arrival_forest_fort_small_6, layout_basic, grunt_decor_cap,
          chequers_serial_rivers_micro_c
D:2:      layout_basic, minmay_pentomino_x2
D:3:      layout_basic, lemuel_round_altar, ebering_ghost_rock_garden,
          minmay_diced_spiral
D:4:      layout_rooms, fedhas_altar_2, first_ration,
          chequers_serial_rivers_micro_e, st_stairs_11
D:5:      layout_gridville, lemuel_round_altar, minmay_temple_entry_steel_oval,
          grunt_gozag_statues, uniq_eustachio
D:6:      layout_basic, serial_shops, shop, uniq_duvessa, uniq_grinder,
          uniq_pikel
D:7:      layout_basic, good_gods_mini_temple, lemuel_doored_altar,
          grunt_livestock, grunt_qazlal_sundering
D:8:      layout_loops_ring, nicolae_overflow_hidden_temple, serial_shops, shop,
          uniq_grum, uniq_gastronok
Temple:   oiseaux_autumnal_temple

Skill      XL: |  1  2  3  4  5  6  7  8  9 10 |
---------------+-------------------------------+-----
Axes           | 3 4 5 6 8 9 11 14 16 | 16.0
Invocations    | 5 10 | 10.8
Fighting       | |  3.6
Armour         | |  3.2
Shields        | |  3.2

Action                   |  1- 3 |  4- 6 |  7- 9 | 10-12 || total
-------------------------+-------+-------+-------+-------++-------
Melee: War axe           |   111 |   210 |   297 |   272 ||   890
Invok: Minor Destruction |       |       |       |    20 ||    20
Evoke: Wand              |       |       |     1 |       ||     1
  Use: Scroll            |     4 |     3 |     6 |     6 ||    19
       Potion            |       |     1 |     1 |     1 ||     3
 Stab: Paralysed         |       |       |     3 |       ||     3
  Eat: Chunk             |       |     6 |    10 |    10 ||    26
Armor: Scale mail        |    46 |    89 |   106 |    72 ||   313
Dodge: Dodged            |    39 |    62 |    57 |    40 ||   198
Block: Shield            |    64 |   110 |   115 |   111 ||   400

Table legend:
 A = Non-vault XP
 B = Vault XP
 C = Vault XP percentage of total XP
 D = Non-vault monster count
 E = Vault monster count
 F = Vault count percentage of total count
                 A         B        C        D         E       F
            +---------+---------+-------+---------+---------+-------
      Total |    4553 |    3044 |  40.1 |     208 |      23 |  10.0
            +---------+---------+-------+---------+---------+-------
        D:1 |      42 |       0 |   0.0 |      28 |       0 |   0.0
        D:2 |     108 |      15 |  12.2 |      27 |       2 |   6.9
        D:3 |     238 |       7 |   2.9 |      33 |       4 |  10.8
        D:4 |     582 |      50 |   7.9 |      26 |       2 |   7.1
        D:5 |     364 |     188 |  34.1 |      18 |       1 |   5.3
        D:6 |    1609 |    1125 |  41.1 |      34 |       4 |  10.5
        D:7 |    1063 |    1090 |  50.6 |      24 |       6 |  20.0
        D:8 |     547 |     569 |  51.0 |      18 |       4 |  18.2
            +---------+---------+-------+---------+---------+-------
